 Dungeon Crawl Stone Soup version 0.27.1-2-g3b301248ec (webtiles) character file.

Game seed: 9174428742035300389

32 Crownlay the Digger (level 3, -1/19 HPs)
             Began as a Gargoyle Earth Elementalist on Oct 3, 2021.
             Slain by a gnoll (5 damage)
             ... on level 2 of the Dungeon.
             The game lasted 00:02:00 (943 turns).

Crownlay the Digger (Gargoyle Earth Elementalist)    Turns: 943, Time: 00:02:00

Health: -1/19      AC:  5    Str: 11    XL:     3   Next: 27%
Magic:  0/6        EV: 11    Int: 16    God:
Gold:   43         SH:  0    Dex: 10    Spells: 5/6 levels left

rFire    . . .     SeeInvis .   d - +0 short sword
rCold    . . .     Faith    .   (no shield)
rNeg     + . .     Spirit   .   b - +0 robe
rPois    ∞         Reflect  .   (no helmet)
rElec    +         Harm     .   (no cloak)
rCorr    .         Rampage  .   (no gloves)
Will     .....                  (no boots)
Stlth    ++........             (no amulet)
HPRegen  0.06/turn              (no ring)
MPRegen  0.10/turn              (no ring)

@: no status effects
A: sickness immunity, AC +3, negative energy resistance 1, electricity
resistance, torment resistance 1, petrification resistance
a: no special abilities


You were on level 2 of the Dungeon.
You visited 1 branch of the dungeon, and saw 2 of its levels.

You collected 43 gold pieces.

Inventory:

Hand Weapons
 d - a +0 short sword (weapon)
Missiles
 c - 11 stones
 g - 4 atropa-tipped darts (quivered)
Armour
 b - a +0 robe (worn)
 j - a +0 buckler
Magical Staves
 i - a staff of poison
Jewellery
 a - a +6 ring of intelligence
Scrolls
 e - 2 scrolls of identify {unknown}
 f - a scroll of fog {unknown}
 h - 3 scrolls of magic mapping {unknown}


   Skills:
 - Level 1.5 Dodging
 - Level 2.1 Stealth
 * Level 1.1 Shields
 - Level 2.0 Spellcasting
 - Level 0.7 Transmutations
 - Level 4.9 Earth Magic


You had 5 spell levels left.
You knew the following spells:

 Your Spells              Type           Power      Damage    Failure   Level
a - Sandblast             Erth           34%        2d9       2%          1

Your spell library contained the following spells:

 Spells                   Type           Power      Damage    Failure   Level
 Passwall                 Tmut/Erth      8%         N/A       10%         2
 Stone Arrow              Conj/Erth      18%        3d8       22%         3
 Petrify                  Tmut/Erth      10%        N/A       54%         4


Dungeon Overview and Level Annotations

Branches:
Dungeon (2/15)

Altars:


Innate Abilities, Weirdness & Mutations

You are immune to sickness and miasma.
Your stone body is resilient. (AC +3)
You are immune to poison.
You resist negative energy. (rN+)
You are resistant to electric shocks. (rElec)
You are resistant to unholy torment.
You are immune to petrification.


Message History

Aim: a gnoll, wielding a +0 spear (moderately wounded, blind, 82% to hit)
The blast of sand hits the gnoll!
The gnoll is heavily wounded.
c - 14 stones
Casting: Sandblast (safe; 3% risk of failure)
Confirm with . or Enter, or press ? or * to list all spells.
Aiming: Sandblast (safe; 3% risk of failure)
Press: ? - help, Shift-Dir - straight line, f/p - gnoll
Aim: a gnoll, wielding a +0 spear (moderately wounded, blind, 82% to hit)
The blast of sand hits the gnoll!
You kill the gnoll!
c - 13 stones Your Shields skill increases to level 1!
You have reached level 3!
Your experience leads to an increase in your attributes!
Increase (S)trength, (I)ntelligence, or (D)exterity?
You feel clever.
Casting: Sandblast (safe; 2% risk of failure)
Confirm with . or Enter, or press ? or * to list all spells.
Aiming: Sandblast (safe; 2% risk of failure)
Press: ? - help, Shift-Dir - straight line, f/p - gnoll
Aim: a gnoll, wielding a +0 spear (moderately wounded, blind, 82% to hit)
The blast of sand hits the gnoll but does no damage.
The gnoll is moderately wounded.
c - 12 stones The gnoll is no longer blind.
The gnoll hits you from afar with a +0 spear.
The gnoll barely misses you.
Casting: Sandblast (safe; 2% risk of failure)
Confirm with . or Enter, or press ? or * to list all spells.
Aiming: Sandblast (safe; 2% risk of failure)
Press: ? - help, Shift-Dir - straight line, f/p - gnoll
Aim: a gnoll, wielding a +0 spear (moderately wounded, 82% to hit)
The blast of sand hits the gnoll.
The gnoll is severely wounded.
c - 11 stones The gnoll hits you from afar with a +0 spear.
* * * LOW HITPOINT WARNING * * *
The rat bites you but does no damage. The gnoll hits you with a +0 spear.
You die...

....(... .. <.....
.... #.#........
#....#.....
.....#...# g(.......
#g#...... ##@r......
####.........
##.>...#.##...
#..#.....# .
#.###.##...###
......#...#####
###.####....#....
#####...###..........
#........>...........


You could see 2 gnolls and a rat.

Vanquished Creatures
  A gnoll (D:2)
  2 endoplasms (D:1)
  A goblin (D:1)
  A hobgoblin (D:1)
  3 jackals (D:1)
  5 kobolds (D:1)
  A quokka (D:1)
  2 ball pythons (D:1)
  2 bats (D:1)
  3 rats (D:1)
21 creatures vanquished.

Notes
Turn   | Place    | Note
-------+----------+-------------------------------------------
     0 | D:1      | Crownlay the Gargoyle Earth Elementalist began the quest
                  | for the Orb.
     0 | D:1      | Reached XP level 1. HP: 10/10 MP: 3/3
    94 | D:1      | Reached skill level 4 in Earth Magic
   108 | D:1      | Reached XP level 2. HP: 12/15 MP: 0/5
   205 | D:1      | Found a faded altar of an unknown god.
   942 | D:2      | Reached skill level 1 in Shields
   942 | D:2      | Reached XP level 3. HP: 12/19 MP: 2/6
   943 | D:2      | Slain by a gnoll

Illustrated notes

Levels and vault maps discovered:
D:1:      ncdulo_watergridlock, layout_rooms, hellmonk_ecumenical_altar_run_dry
D:2:      layout_rooms, dk_noncrumbling_2, serial_bayou_pond_b

Skill      XL: |  1  2 |
---------------+-------+-----
Earth Magic    | 4 |  4.9
Shields        | 1 |  1.1
Dodging        | |  1.5
Stealth        | |  2.1
Spellcasting   | |  2.0
Transmutations | |  0.7

Action                   || total
-------------------------++-------
Melee: Short sword       ||    26
Throw: Dart              ||     5
 Cast: Sandblast         ||    25
Armor: Robe              ||    18
Dodge: Dodged            ||    45
